 Dungeon Crawl Stone Soup version 0.30-a0-672-gc3a7216ad8 (webtiles) character file.

Game seed: 3809067606353962265

0 drugrobin the Sneak (level 1, -2/18 HPs)
             Began as a Demigod Delver on Jan 19, 2023.
             Slain by a hound (3 damage)
             ... on level 4 of the Dungeon.
             The game lasted 00:01:22 (172 turns).

drugrobin the Sneak (Demigod Delver)                 Turns: 172, Time: 00:01:22

Health: -2/18      AC:  3    Str: 13    XL:     1   Next: 6%
Magic:  3/3        EV: 11    Int: 12    God:
Gold:   22         SH:  0    Dex: 15    Spells: 0/0 levels left

rFire   . . .      SeeInvis .    g - +0 long sword
rCold   . . .      Faith    .    (no shield)
rNeg    . . .      Spirit   .    a - +0 leather armour
rPois   .          Reflect  .    (no helmet)
rElec   .          Harm     .    (no cloak)
rCorr   .          Rampage  .    (no gloves)
Will    .....                    (no boots)
Stlth   +++                      (no amulet)
HPRegen 0.23/turn                (no ring)
MPRegen 0.08/turn                (no ring)

@: no status effects
A: high MP 1, forlorn, divine attributes
a: no special abilities


You were on level 4 of the Dungeon.
You visited 1 branch of the dungeon, and saw 2 of its levels.

You collected 22 gold pieces.

Inventory:

Hand Weapons
 g - a +0 long sword (weapon)
Armour
 a - a +0 leather armour (worn)
Wands
 f - a wand of digging (3)
Scrolls
 b - a scroll of fog
 c - a scroll of noise {unknown}
 d - a scroll of fear
Potions
 e - a potion of haste


   Skills:
 - Level 2.6 Fighting
 - Level 1.7 Dodging
 - Level 4.5 Stealth
 + Level 1.8 Unarmed Combat


You couldn't memorise any spells.
You didn't know any spells.
Your spell library was empty.

Dungeon Overview and Level Annotations

Branches:
Dungeon (5/15)
 Temple: D:4-7


Innate Abilities, Weirdness & Mutations

You have an increased reservoir of magic. (+10% MP)
You shall have no god before yourself.
Your divine heritage dramatically boosts your attributes as you level up.


Message History

Unknown command.
Unknown command.
Unknown command.
You barely miss the hound.
The hound is heavily wounded.
The hound barely misses you. The hound bites you but does no damage.
Unknown command.
Unknown command.
Unknown command.
You hit the hound.
The hound is severely wounded.
The hound closely misses you. The hound bites you.
Unknown command.
Unknown command.
You barely miss the hound.
The hound is severely wounded.
The hound bites you. The hound barely misses you.
Unknown command.
Unknown command.
You closely miss the hound.
The hound is severely wounded.
The hound bites you.
* * * LOW HITPOINT WARNING * * *
The hound misses you.
Unknown command.
Unknown command.
Unknown command.
Unknown command.
You closely miss the hound.
The hound is severely wounded.
The hound closely misses you. The hound barely misses you.
Unknown command.
Unknown command.
You barely miss the hound.
The hound is severely wounded.
You hear the slow hiss of a distant avalanche of sand.
The hound bites you.
* * * LOW HITPOINT WARNING * * *
The hound bites you.
You die...

#.########.#*
##.# #.., #..#
***###. #.##
*,,,,,. #.#
*,,,,,,
#####.###
*,,*,,,
#.......#
*,,,,,*
#.###.#.#
*,,,,,*
#@#*#.#.#
*******
#h#*..#,#***
****
#<##...,,,,*
*,,,
#.##.##,**,*
*,**
#....,,,**,*
*,*
####.,,,**,*
*,*
#h**,**,****,*
*,,,,,,,,,,,,*
**************


You could see a hound.

Vanquished Creatures
  A kobold (D:4)
1 creature vanquished.

Vanquished Creatures (others)
  7 toadstools (D:4)
7 creatures vanquished.

Grand Total: 8 creatures vanquished

Notes
Turn   | Place    | Note
-------+----------+-------------------------------------------
     0 | D:5      | drugrobin the Demigod Delver began the quest for the Orb.
     0 | D:5      | Reached XP level 1. HP: 18/18 MP: 3/3
   152 | D:4      | Noticed a hound
   172 | D:4      | Slain by a hound

Illustrated notes

Levels and vault maps discovered:
D:4:      cheibrodos_fertilizer, layout_loops_cross, lemuel_crystal_altar,
          nicolae_ossuary_entry_monument, hangedman_feature_mirror,
          nicolae_figureground_pulse, uniq_robin
D:5:      layout_loops_ring, lemuel_round_altar, serial_shops, shop,
          kennysheep_generic_room_11

Action                   || total
-------------------------++-------
Melee: Long sword        ||    15
  Use: Scroll            ||     1
Armor: Leather armour    ||     2
Dodge: Dodged            ||    14

Table legend: (Time is in decaauts)
 A = Elapsed time spent in this place.
 B = Non-inter-level travel time spent in this place.
 C = Inter-level travel time spent in this place.
 D = Time resting spent in this place.
 E = Time spent auto-exploring this place.
 F = Levels seen in this place.
 G = Mean time per level.
                   A        B        C        D        E       F      G
               +--------+--------+--------+--------+--------+-----+--------+
         Total |    177 |    138 |     39 |      0 |      0 |   2 |   88.5 |
       Dungeon |    177 |    138 |     39 |      0 |      0 |   2 |   88.5 |
               +--------+--------+--------+--------+--------+-----+--------+

Top non-repeatable levels by time:
     D:5: 113 daAuts
     D:4: 63 daAuts
